 Dungeon Crawl Stone Soup version 0.32-a0-875-g23b751d0ae (webtiles) character file.

Game seed: 138717368498134941

78463 2Anon the Opulent (level 15, -2/117 HPs)
             Began as a Gnoll Alchemist on Mar 30, 2024.
             Was an Initiate of Gozag.
             Killed by an exploding seven-headed hydra (30 damage)
             ... ignited by their inner flame
             ... on level 13 of the Dungeon on Mar 31, 2024.
             The game lasted 02:59:53 (61068 turns).

2Anon the Opulent (Gnoll Alchemist)                Turns: 61068, Time: 02:59:54

Health: -2/117     AC: 16    Str:  9    XL:     15   Next: 60%
Magic:  13/30      EV: 18    Int: 21    God:    Gozag
Gold:   5835       SH:  0    Dex:  8    Spells: 5/37 levels left

rFire   . . .        A - +5 falchion of the Several Seas {freeze, rElec rC++ Dex-4}
rCold   + + +        w - orb {guile}
rNeg    . . .        y - +2 leather armour {rPois}
rPois   +            L - +2 helmet
rElec   +            x - +0 cloak
rCorr   .            M - +2 pair of gloves
SInv    .            m - +0 pair of boots
Will    .....        r - amulet of regeneration
Stlth   ++++         E - +5 ring of evasion
HPRegen 1.19/turn    C - ring of protection from cold
MPRegen 0.22/turn

%: no passive effects
@: gold aura, studying Invocations
A: fangs 1, strong nose, distributed training
a: Renounce Religion, Potion Petition, Call Merchant, Bribe Branch


You were on level 13 of the Dungeon.
You worshipped Gozag.
Gozag was greatly pleased with you.
You visited 4 branches of the dungeon, and saw 21 of its levels.

You collected 6111 gold pieces.
You spent 201 gold pieces at shops.
You paid 75 gold pieces to Gozag.

Inventory:

Hand Weapons
 v - a +4 trident of electrocution
 A - the +5 falchion of the Several Seas (weapon) {freeze, rElec rC++ Dex-4}
   (You found it on level 9 of the Dungeon)

   Dex-4:     It affects your dexterity (-4).
   rC++:      It greatly protects you from cold.
   rElec:     It insulates you from electricity.
Missiles
 B - 2 throwing nets
Armour
 a - a +0 robe
 g - a +0 buckler
 m - a +0 pair of boots (worn)
 o - a +2 ring mail of cold resistance
 w - an orb of guile (worn)
 x - a +0 cloak (worn)
 y - a +2 leather armour of poison resistance (worn)
 L - a +2 helmet (worn)
 M - a +2 pair of gloves (worn)
Jewellery
 c - a ring of ice
 r - an amulet of regeneration (around neck)
 C - a ring of protection from cold (right hand)
 E - a +5 ring of evasion (left hand)
 P - a ring of poison resistance
 R - a ring of resist corrosion
 S - a +6 ring of strength
Wands
 f - a wand of polymorph (2)
 i - a wand of mindburst (3)
 t - a wand of digging (12)
 u - a wand of roots (8)
 z - a wand of flame (60)
 D - a wand of charming (6)
 K - a wand of light (10)
Scrolls
 d - 2 scrolls of immolation
 j - 6 scrolls of fog
 p - 2 scrolls of enchant weapon
 s - 9 scrolls of identify
 G - a scroll of amnesia
 H - 2 scrolls of enchant armour
 I - 2 scrolls of revelation
Potions
 b - a potion of magic
 e - 2 potions of cancellation
 h - 4 potions of enlightenment
 n - 4 potions of brilliance


   Skills:
 + Level 10.6 Fighting
 + Level 10.6 Short Blades
 + Level 10.6 Long Blades
 + Level 10.6 Axes
 + Level 10.6 Maces & Flails
 + Level 10.6 Polearms
 + Level 10.6 Staves
 + Level 10.6 Ranged Weapons
 + Level 10.6 Throwing
 + Level 10.6 Armour
 + Level 11.5 Dodging
 + Level 11.4 Stealth
 + Level 10.6 Shields
 + Level 10.6 Unarmed Combat
 + Level 11.7 Spellcasting
 + Level 9.2 Conjurations
 + Level 8.9 Hexes
 + Level 8.9 Summonings
 + Level 8.9 Necromancy
 + Level 8.9 Translocations
 + Level 8.9 Fire Magic
 + Level 8.9 Ice Magic
 + Level 8.9 Air Magic
 + Level 8.9 Earth Magic
 + Level 10.4 Alchemy
 + Level 14.8 Invocations
 + Level 10.6 Evocations
 + Level 9.7 Shapeshifting


You had 5 spell levels left.
You knew the following spells:

 Your Spells              Type           Power      Damage    Failure   Level
c - Freezing Cloud        Conj/Ice/Air   25%        6-21      4%          5
f - Fireball              Conj/Fire      25%        3d11      4%          5
i - Irradiate             Conj/Alch      26%        3d20      3%          5
o - Olgreb's Toxic Radia  Alch           54%        N/A       1%          4
t - Summon Forest         Summ/Tloc      24%        N/A       4%          5
w - Stone Arrow           Conj/Erth      100%       3d13      1%          3
y - Sticky Flame          Fire/Alch      52%        2d9       1%          4
z - Sting                 Conj/Alch      100%       1d9       1%          1

Your spell library contained the following spells:

 Spells                   Type           Power      Damage    Failure   Level
 Apportation              Tloc           98%        N/A       1%          1
 Necrotise                Necr           100%       1d9       1%          1
 Slow                     Hex            100%       N/A       1%          1
 Summon Small Mammal      Summ           100%       N/A       1%          1
 Blink                    Tloc           98%        N/A       1%          2
 Cigotuvi's Dreadful Rot  Necr/Alch/Air  100%       N/A       1%          2
 Lesser Beckoning         Tloc           98%        N/A       1%          2
 Mercury Vapours          Alch/Air       100%       N/A       1%          2
 Momentum Strike          Conj/Tloc      100%       3d10      1%          2
 Sublimation of Blood     Necr           49%        N/A       1%          2
 Confusing Touch          Hex            49%        N/A       1%          3
 Fugue of the Fallen      Necr           49%        N/A       1%          3
 Mephitic Cloud           Conj/Alch/Air  51%        N/A       1%          3
 Ozocubu's Armour         Ice            49%        N/A       1%          3
 Vampiric Draining        Necr           49%        2d9       1%          3
 Animate Armour           Summ/Erth      98%        N/A       1%          4
 Cause Fear               Hex            24%        N/A       1%          4
 Dispel Undead            Necr           49%        3d18      1%          4
 Martyr's Knell           Necr/Summ      49%        N/A       1%          4
 Petrify                  Alch/Erth      52%        N/A       1%          4
 Summon Mana Viper        Hex/Summ       49%        N/A       4%          5
 Summon Cactus Giant      Summ           24%        N/A       26%         6
 Manifold Assault         Tloc           24%        N/A       83%         7
 Lehudib's Crystal Spear  Conj/Erth      25%        10d7      100%        8
 Dragon's Call            Summ           24%        N/A       100%        9


Dungeon Overview and Level Annotations

Branches:
Dungeon (13/15) Zot: 25469  Temple (1/1) D:6 Zot: 5979    Lair (5/5) D:11 Zot: 11978
 Shoals (0/4) Lair:2       Spider (0/4) Lair:3        Slime (0/5) Lair:4
    Orc (2/2) D:10 Zot: 6566     Elf (0/3) Orc:2        Vaults (0/5) D:13

Altars:
Ashenzari
Cheibriados
Dithmenos
Elyvilon
Fedhas
Gozag
Hepliaklqana
Kikubaaqudgha
Makhleb
Nemelex Xobeh
Okawaru
Qazlal
Ru
Sif Muna
Trog
Uskayaw
Vehumet
Wu Jian
Xom
Yredelemnul
Zin
The Shining One
Beogh
Jiyva

Shops:
D:8 [   D:10 ?   D:11 =   Orc:2 =[

Annotations:
D:4 Grinder
D:9 1 runed translucent door, Ananasrisotto's ghost, novice DsSh
D:10 1 runed translucent door, crabbyslav's ghost, novice DgCj
Lair:1 exclusion: oklob plant
Lair:3 3 runed translucent doors, Syneil's ghost, journeyman OpSh
Orc:2 Erolcha


Innate Abilities, Weirdness & Mutations

You have very sharp teeth.
Your uncanny sense of smell can sniff out nearby items.
Your experience applies equally to all skills.


Message History

A seven-headed hydra is nearby!
Casting: Olgreb's Toxic Radiance (mildly dangerous; 1% risk of failure)
Confirm with . or Enter, or press ? or * to list all spells.
Aiming: Stone Arrow (safe; 1% risk of failure)
Press: ? - help, Shift-Dir - straight line, f - seven-headed hydra
Aim: a seven-headed hydra (flame, inner flame, 92% to hit)
The stone arrow hits the seven-headed hydra!
Flame seeps out of the seven-headed hydra.
The seven-headed hydra is moderately wounded.
The seven-headed hydra is engulfed in blazing flames.
Flame seeps out of the seven-headed hydra.
Casting: Stone Arrow (safe; 1% risk of failure)
Confirm with . or Enter, or press ? or * to list all spells.
Aiming: Stone Arrow (safe; 1% risk of failure)
Press: ? - help, Shift-Dir - straight line, f/p - seven-headed hydra
Aim: a seven-headed hydra (moderately wounded, inner flame, 92% to hit)
The stone arrow hits the seven-headed hydra!!
Flame seeps out of the seven-headed hydra.
The seven-headed hydra is severely wounded.
The seven-headed hydra is engulfed in blazing flames.
Flame seeps out of the seven-headed hydra.
The seven-headed hydra bites you but does no damage.
The seven-headed hydra closely misses you.
The seven-headed hydra bites you but does no damage.
The seven-headed hydra closely misses you.
The seven-headed hydra bites you.
* * * LOW HITPOINT WARNING * * *
The seven-headed hydra barely misses you.
The seven-headed hydra bites you but does no damage.
You take 2 damage, and have 28/117 hp.
Casting: Stone Arrow (safe; 1% risk of failure)
Confirm with . or Enter, or press ? or * to list all spells.
Aiming: Stone Arrow (safe; 1% risk of failure)
Press: ? - help, Shift-Dir - straight line, f/p - seven-headed hydra
Aim: a seven-headed hydra (flame, almost dead, inner flame, 92% to hit)
The stone arrow hits the seven-headed hydra!!
The seven-headed hydra explodes!
The fiery explosion engulfs you!!
You die...
Your body crumbles into a pile of gold.

#. #... #...
#..# #..## ##
### #...## #D
D..#
#...@##.#...#.
#...§○#$..$[$.
##.$§§☼$$$∩...
#.$..#○$[$$$$
#...##)#☼..#$
##..## #. $..#
#..## ##+###
##..## #...##
#....####.....##


There were no monsters in sight!

Vanquished Creatures
  Snorg (Orc:1)
  Fannar (Orc:1)
  4 vault guards (D:13)
  Harold (Orc:1)
  2 hydras
  4 centaur warriors (D:13)
  A catoblepas (Lair:4)
  An ogre mage (Orc:2)
  3 boulder beetles
  4 two-headed ogres
  Amaemon (D:8)
  A lindwurm (Lair:3)
  An orc knight (Orc:1)
  2 obsidian bats
  2 deep elf pyromancers (D:13)
  Pikel (D:9)
  5 ugly things
  2 manticores
  4 cyclopes
  4 orc sorcerers (Orc:2)
  A wolf spider (Lair:5)
  21 elephants
  A kobold blastminer (Orc:1)
  21 cane toads
  7 black mambas
  A guardian serpent (Lair:5)
  An eye of devastation (D:12)
  3 gargoyles
  An orange demon (D:8)
  2 rime drakes
  Maggie (D:9)
  11 komodo dragons
  2 unseen horrors
  2 ice devils (D:13)
  Psyche (D:8)
  A tengu conjurer (D:12)
  4 polar bears
  A wind drake (Lair:2)
  4 hornets
  4 trolls
  20 blink frogs
  Prince Ribbit (D:6)
  5 slime creatures
  3 vampires
  3 wraiths
  4 shadows
  2 basilisks
  57 yaks
  13 wyverns
  2 wargs
  Eustachio (D:3)
  2 redbacks (Lair:5)
  A steam dragon (D:8)
  Grum (D:8)
  7 vampire mosquitoes
  Edmund (D:6)
  28 water moccasins
  9 orc warriors
  4 sky beasts
  3 ice beasts
  2 black bears (Lair:4)
  23 wolves
  7 ogres (Orc:2)
  3 phantoms
  A centaur (D:9)
  2 lemures (D:9)
  2 kobold brigands
  7 bullfrogs
  Blork the orc (D:6)
  A gnoll sergeant (D:7)
  4 scorpions
  12 wights
  19 killer bees
  A troll zombie (D:10)
  3 howler monkeys
  7 jellies
  13 orc priests
  3 bombardier beetles
  6 hounds
  A gnoll bouda (D:8)
  Crazy Yiuf (D:7)
  2 sleepcaps (D:6)
  An iguana (D:4)
  14 orc wizards
  4 hell rats (Lair:4)
  7 ogre zombies (D:10)
  12 gnolls
  7 adders
  2 shadow imps
  A white imp (D:5)
  A ribbon worm (D:3)
  A dart slug (D:2)
  63 orcs
  6 endoplasms
  2 giant cockroaches
  2 gnoll zombies (D:10)
  3 goblins
  6 hobgoblins
  3 jackals (D:4)
  12 kobolds
  A quokka (D:4)
  A ball python (D:4)
  3 bats (D:1)
  2 frilled lizards (D:2)
  3 gnoll skeletons (D:10)
  4 orc skeletons (D:10)
  16 orc zombies (D:10)
  10 rats
610 creatures vanquished.

Vanquished Creatures (collateral kills)
  3 vampire mosquitoes (D:12)
  An endoplasm (D:2)
4 creatures vanquished.

Grand Total: 614 creatures vanquished

Notes
Turn   | Place    | Note
-------+----------+-------------------------------------------
     0 | D:1      | 2Anon the Gnoll Alchemist began the quest for the Orb.
     0 | D:1      | Reached XP level 1. HP: 13/13 MP: 6/6
   704 | D:1      | Reached XP level 2. HP: 19/19 MP: 4/7
  2335 | D:2      | Reached skill level 5 in Spellcasting
  2335 | D:2      | Reached XP level 3. HP: 25/25 MP: 2/9
  2867 | D:2      | Reached skill level 1 in Invocations
  2871 | D:2      | Reached skill level 1 in Fighting
  2871 | D:2      | Reached skill level 1 in Short Blades
  2871 | D:2      | Reached skill level 1 in Long Blades
  2871 | D:2      | Reached skill level 1 in Axes
  2871 | D:2      | Reached skill level 1 in Maces & Flails
  2871 | D:2      | Reached skill level 1 in Polearms
  2871 | D:2      | Reached skill level 1 in Staves
  2871 | D:2      | Reached skill level 1 in Ranged Weapons
  2871 | D:2      | Reached skill level 1 in Throwing
  2871 | D:2      | Reached skill level 1 in Armour
  2871 | D:2      | Reached skill level 1 in Shields
  2871 | D:2      | Reached skill level 1 in Unarmed Combat
  2871 | D:2      | Reached skill level 1 in Evocations
  3615 | D:2      | Found a stormy altar of Qazlal.
  4043 | D:2      | Found a faded altar of an unknown god.
  4046 | D:2      | Reached skill level 1 in Shapeshifting
  4046 | D:2      | Reached XP level 4. HP: 32/32 MP: 11/11
  4335 | D:3      | Found an iron altar of Okawaru.
  4365 | D:3      | Reached skill level 1 in Hexes
  4365 | D:3      | Reached skill level 1 in Summonings
  4365 | D:3      | Reached skill level 1 in Necromancy
  4365 | D:3      | Reached skill level 1 in Translocations
  4365 | D:3      | Reached skill level 1 in Fire Magic
  4365 | D:3      | Reached skill level 1 in Ice Magic
  4365 | D:3      | Reached skill level 1 in Air Magic
  4365 | D:3      | Reached skill level 1 in Earth Magic
  5304 | D:3      | You fall into a shaft and drop 2 floors!
  5304 | D:5      | Entered Level 5 of the Dungeon
  5724 | D:5      | Reached XP level 5. HP: 34/37 MP: 6/12
  6005 | D:4      | Noticed Grinder
  6015 | D:3      | Learned a level 4 spell: Olgreb's Toxic Radiance
  6020 | D:3      | Learned a level 4 spell: Sticky Flame
  6253 | D:4      | Noticed Eustachio
  6612 | D:3      | Killed Eustachio
  6613 | D:3      | Reached skill level 5 in Dodging
  6613 | D:3      | Reached skill level 2 in Invocations
  6613 | D:3      | Reached XP level 6. HP: 36/44 MP: 0/14
  8958 | D:4      | Reached XP level 7. HP: 44/51 MP: 5/15
  9411 | D:4      | Paralysed by Grinder for 2 turns
  9542 | D:4      | Reached skill level 5 in Stealth
  9915 | D:4      | Reached skill level 3 in Invocations
 10910 | D:5      | Reached XP level 8. HP: 58/58 MP: 9/16
 13872 | D:6      | Found a staircase to the Ecumenical Temple.
 13872 | D:6      | Noticed Prince Ribbit
 13885 | D:6      | Killed Prince Ribbit
 13886 | D:6      | Reached skill level 4 in Invocations
 13907 | Temple   | Entered the Ecumenical Temple
 13917 | Temple   | Became a worshipper of Gozag Ym Sagoz the Greedy
 14039 | D:6      | Noticed Blork the orc
 14048 | D:6      | Killed Blork the orc
 14055 | D:6      | Reached XP level 9. HP: 63/65 MP: 1/18
 15291 | D:6      | Noticed Edmund
 15306 | D:6      | Killed Edmund
 16304 | D:6      | Noticed Jeremiah
 16307 | D:6      | Jeremiah changed into Jeremiah the sky beast
 16307 | D:6      | Noticed Jeremiah
 16309 | D:6      | Killed Jeremiah the sky beast
 17328 | D:7      | Found a runed translucent door.
 17329 | D:7      | Noticed Crazy Yiuf
 17345 | D:7      | Found a sparkling altar of Nemelex Xobeh.
 18126 | D:7      | Reached skill level 5 in Invocations
 18433 | D:7      | Found a basalt altar of Yredelemnul.
 18499 | D:7      | Reached skill level 5 in Fighting
 18499 | D:7      | Reached skill level 5 in Short Blades
 18499 | D:7      | Reached skill level 5 in Long Blades
 18499 | D:7      | Reached skill level 5 in Axes
 18499 | D:7      | Reached skill level 5 in Maces & Flails
 18499 | D:7      | Reached skill level 5 in Polearms
 18499 | D:7      | Reached skill level 5 in Staves
 18499 | D:7      | Reached skill level 5 in Ranged Weapons
 18499 | D:7      | Reached skill level 5 in Throwing
 18499 | D:7      | Reached skill level 5 in Armour
 18499 | D:7      | Reached skill level 5 in Shields
 18499 | D:7      | Reached skill level 5 in Unarmed Combat
 18499 | D:7      | Reached skill level 5 in Evocations
 18499 | D:7      | Reached XP level 10. HP: 60/74 MP: 12/20
 18875 | D:7      | Learned a level 5 spell: Fireball
 20287 | D:7      | Killed Crazy Yiuf
 20815 | D:8      | Noticed Psyche
 20819 | D:8      | Killed Psyche
 21771 | D:8      | Reached skill level 5 in Conjurations
 22089 | D:8      | Found an ancient bone altar of Kikubaaqudgha.
 22089 | D:8      | Found a white marble altar of Elyvilon.
 22116 | D:8      | Found a sacrificial altar of Ru.
 22176 | D:8      | Found a radiant altar of Vehumet.
 22227 | D:8      | Learned a level 5 spell: Freezing Cloud
 22594 | D:8      | Found a shimmering blue altar of Sif Muna.
 22645 | D:8      | Noticed an orange demon
 22648 | D:8      | Noticed Amaemon
 22664 | D:8      | Killed an orange demon
 22665 | D:8      | Reached skill level 6 in Invocations
 22665 | D:8      | Reached skill level 5 in Shapeshifting
 22665 | D:8      | Killed Amaemon
 23102 | D:8      | Found Mimyumm's Superior Scales.
 23772 | D:8      | Identified the +0 ring mail of the New World {^Drain Dex+4
                  | Slay+3}
 24086 | D:8      | Noticed Grum
 24099 | D:8      | Killed Grum
 24875 | D:9      | Reached skill level 7 in Invocations
 25700 | D:9      | Noticed Pikel
 25730 | D:9      | Reached skill level 5 in Hexes
 25730 | D:9      | Reached skill level 5 in Summonings
 25730 | D:9      | Reached skill level 5 in Necromancy
 25730 | D:9      | Reached skill level 5 in Translocations
 25730 | D:9      | Reached skill level 5 in Fire Magic
 25730 | D:9      | Reached skill level 5 in Ice Magic
 25730 | D:9      | Reached skill level 5 in Air Magic
 25730 | D:9      | Reached skill level 5 in Earth Magic
 25733 | D:9      | Reached XP level 11. HP: 72/81 MP: 18/22
 25861 | D:9      | Killed Pikel
 26010 | D:9      | Identified the +5 falchion of the Several Seas {freeze,
                  | rElec rC++ Dex-4}
 26168 | D:9      | Noticed Maggie
 26175 | D:9      | Reached skill level 8 in Invocations
 26178 | D:9      | Killed Maggie
 26585 | D:9      | Found a runed translucent door.
 26585 | D:9      | Noticed Ananasrisotto's ghost (novice DsSh)
 26902 | D:10     | Entered Level 10 of the Dungeon
 26902 | D:10     | Noticed crabbyslav's ghost (novice DgCj)
 26902 | D:10     | Found a runed translucent door.
 26911 | D:10     | Found Qunuo's Magic Scroll Boutique.
 28427 | D:10     | Found a glowing silver altar of Zin.
 29499 | D:10     | Bought a scroll of poison for 52 gold pieces
 29499 | D:10     | Bought a scroll of blinking for 97 gold pieces
 29499 | D:10     | Bought a scroll of amnesia for 52 gold pieces
 29610 | D:10     | Found a staircase to the Orcish Mines.
 29651 | D:10     | Identified the +0 scale mail of Vustoyva {Regen+ Int+5}
 30003 | D:11     | Noticed a red ugly thing
 30116 | D:11     | Killed a red ugly thing
 30264 | D:11     | Noticed a cyclops
 30274 | D:11     | Killed a cyclops
 30394 | D:11     | Found Nudwouh's Jewellery Shoppe.
 30404 | D:11     | Identified the +2 trident of Ririfahu {venom, Will- Dex+6}
 30777 | D:11     | Found a hide-covered altar of Uskayaw.
 30862 | D:11     | Noticed a cyclops
 30914 | D:11     | Reached skill level 9 in Invocations
 30958 | D:11     | Killed a cyclops
 31884 | D:11     | Found a staircase to the Lair.
 31901 | D:11     | Reached XP level 12. HP: 91/91 MP: 1/24
 32335 | Lair:1   | Entered Level 1 of the Lair of Beasts
 34822 | Lair:1   | Reached skill level 10 in Invocations
 35348 | Lair:1   | Noticed a boulder beetle
 35379 | Lair:1   | Killed a boulder beetle
 37626 | Lair:2   | Noticed a five-headed hydra
 37638 | Lair:2   | Killed a five-headed hydra
 37920 | Lair:2   | Found a staircase to the Shoals.
 38658 | Lair:2   | Reached skill level 11 in Invocations
 38658 | Lair:2   | Reached XP level 13. HP: 98/98 MP: 26/26
 38870 | Lair:3   | Found a runed translucent gate.
 38870 | Lair:3   | Found a runed translucent gate.
 38870 | Lair:3   | Found a runed translucent gate.
 38874 | Lair:3   | Noticed Syneil's ghost (journeyman OpSh)
 39306 | Lair:3   | Noticed Sonja
 39326 | Lair:3   | Sonja changed into Sonja the warg
 39326 | Lair:3   | Noticed Sonja
 39332 | Lair:3   | Killed Sonja the warg
 40557 | Lair:2   | Upgraded the game from 0.32-a0-872-g59262bdc9b to
                  | 0.32-a0-875-g23b751d0ae
 41509 | Lair:3   | Reached skill level 10 in Spellcasting
 42290 | Lair:3   | Found a viscous altar of Jiyva.
 42325 | Lair:3   | Found a hole to the Spider Nest.
 43933 | Lair:4   | Reached skill level 12 in Invocations
 43974 | Lair:4   | Reached skill level 10 in Dodging
 44666 | Lair:4   | Found a staircase to the Slime Pits.
 44920 | Lair:4   | Reached skill level 10 in Stealth
 45107 | Lair:4   | Learned a level 5 spell: Irradiate
 45111 | Lair:4   | Learned a level 3 spell: Stone Arrow
 46140 | Lair:5   | Entered Level 5 of the Lair of Beasts
 46177 | Lair:5   | Reached XP level 14. HP: 98/108 MP: 14/28
 46832 | Lair:5   | Reached skill level 13 in Invocations
 48844 | Lair:5   | Identified the +3 rapier of the Harvest {heavy, rF- rN++
                  | Dex+5}
 49746 | Lair:5   | Identified the +0 ring mail of Kindness {rC- Will+ SInv}
 50842 | D:11     | Learned a level 5 spell: Summon Forest
 50969 | Orc:1    | Entered Level 1 of the Orcish Mines
 51023 | Orc:1    | Noticed Snorg
 51075 | Orc:1    | Reached skill level 10 in Alchemy
 51088 | Orc:1    | Noticed Fannar
 51550 | Orc:1    | Killed Snorg
 51585 | Orc:1    | Killed Fannar
 52290 | Orc:1    | Noticed Harold
 52306 | Orc:1    | Killed Harold
 52307 | Orc:1    | Reached skill level 10 in Fighting
 52307 | Orc:1    | Reached skill level 10 in Short Blades
 52307 | Orc:1    | Reached skill level 10 in Long Blades
 52307 | Orc:1    | Reached skill level 10 in Axes
 52307 | Orc:1    | Reached skill level 10 in Maces & Flails
 52307 | Orc:1    | Reached skill level 10 in Polearms
 52307 | Orc:1    | Reached skill level 10 in Staves
 52307 | Orc:1    | Reached skill level 10 in Ranged Weapons
 52307 | Orc:1    | Reached skill level 10 in Throwing
 52307 | Orc:1    | Reached skill level 10 in Armour
 52307 | Orc:1    | Reached skill level 10 in Shields
 52307 | Orc:1    | Reached skill level 10 in Unarmed Combat
 52307 | Orc:1    | Reached skill level 10 in Evocations
 52828 | Orc:1    | Reached skill level 14 in Invocations
 53377 | Orc:2    | Entered Level 2 of the Orcish Mines
 53816 | Orc:2    | Found a roughly hewn altar of Beogh.
 54297 | Orc:2    | Found a staircase to the Elven Halls.
 54704 | Orc:2    | Reached XP level 15. HP: 115/115 MP: 24/30
 55770 | Orc:2    | Found Feyme's Jewellery Shoppe.
 55806 | Orc:2    | Found Saphawec's Antique Armour Emporium.
 55811 | Orc:2    | Paralysed by an ogre mage for 5 turns
 56382 | Orc:2    | Found a radiant altar of Vehumet.
 56382 | Orc:2    | Noticed Erolcha
 56401 | Orc:2    | Paralysed by an orc sorcerer for 3 turns
 58672 | D:12     | Found an iron altar of Okawaru.
 60185 | D:13     | Found an ornate altar of the Wu Jian Council.
 61046 | D:13     | Found a gate to the Vaults.
 61068 | D:13     | Killed by an exploding seven-headed hydra... ignited by
                  | their inner flame

Illustrated notes

Levels and vault maps discovered:
D:1:      dpeg_arrival_renting, layout_loops_ring, st_stairs_10,
          chequers_serial_rivers_micro_b
D:2:      layout_basic, basic_altar,
          hellmonk_ecumenical_altar_pennies_from_heaven, st_stairs_9,
          chequers_serial_rivers_room_a, hex_tiny, grunt_ministairs_4
D:3:      layout_rooms, mainiacjoe_overflow_24_doors
D:4:      layout_loops_ring, uniq_grinder, uniq_eustachio
D:5:      layout_loops_ring
D:6:      layout_basic, minmay_temple_entry_enclosed_plants, uniq_blork_the_orc,
          uniq_edmund, uniq_prince_ribbit1, uniq_jeremiah
D:7:      layout_loops_corners, amcnicky_altar_gilded,
          nemelex_xobeh_ov_fountains_minmay, nrook_loot_triangle,
          uniq_crazy_yiuf_cottage
D:8:      layout_basic, grunt_temple_overflow_open,
          gammafunk_temple_overflow_elements,
          serial_library_hellmonk_narrow_alcove, hellmonk_scale_shop, uniq_grum,
          uniq_amaemon, uniq_psyche
D:9:      layout_basic, gammafunk_ghost_grave, grunt_ministairs_14, uniq_maggie,
          uniq_pikel
D:10:     layout_rooms, zin_academy, zombieorc2_lemuel,
          hellmonk_ghost_happy_afterlife, serial_shops, shop,
          minmay_misc_feat_doors
D:11:     layout_cave_pools, david_lair_shrubbed, serial_shops, shop,
          eat_drink_and_be_merry_uskayaw
D:12:     layout_cave_pools, mainiacjoe_okawaru_digging_arena
D:13:     layout_roguey, lightli_vaults_fourway_checkpoint,
          portal_ice_cave_demonic_guard, pdpol_wu_jian_five_deadly_venoms
Temple:   nicolae_temple_great_sept
Lair:1:   layout_regular_city, minmay_lair_oklob_items, lemuel_fruit_tree
Lair:2:   layout_cave_pods, minmay_shoals_entry_beasts, beast_lair_carwin_10
Lair:3:   layout_cave_pods, spider_nest_entry_web_field, gammafunk_ghost_ooze,
          grunt_megastairs_2, infiniplex_staircase_pool_2, uniq_sonja
Lair:4:   layout_gridlike, nicolae_slime_entry_field_trip, serial_rivers,
          chequers_serial_rivers_micro_a, chequers_serial_rivers_large_a,
          chequers_serial_rivers_large_b, chequers_serial_rivers_small_3
Lair:5:   hangedman_lair_tendril_chambers, layout_long_grid
Orc:1:    layout_caves, uniq_harold, uniq_snorg, uniq_fannar
Orc:2:    kennysheep_orc_mage_school, layout_caves, basic_altar,
          nicolae_orc_crystal_geode

Skill      XL: |  1  2  3  4  5  6  7  8  9 10 11 12 13 14 15 |
---------------+----------------------------------------------+-----
Conjurations   | 2 3 4 5 6 7 8 9 |  9.2
Spellcasting   | 5 6 7 8 9 10 11 | 11.7
Invocations    | 1 2 3 4 5 7 9 11 12 14 | 14.8
Fighting       | 1 2 3 4 5 6 7 8 9 10 | 10.6
Short Blades   | 1 2 3 4 5 6 7 8 9 10 | 10.6
Long Blades    | 1 2 3 4 5 6 7 8 9 10 | 10.6
Axes           | 1 2 3 4 5 6 7 8 9 10 | 10.6
Maces & Flails | 1 2 3 4 5 6 7 8 9 10 | 10.6
Polearms       | 1 2 3 4 5 6 7 8 9 10 | 10.6
Staves         | 1 2 3 4 5 6 7 8 9 10 | 10.6
Ranged Weapons | 1 2 3 4 5 6 7 8 9 10 | 10.6
Throwing       | 1 2 3 4 5 6 7 8 9 10 | 10.6
Armour         | 1 2 3 4 5 6 7 8 9 10 | 10.6
Shields        | 1 2 3 4 5 6 7 8 9 10 | 10.6
Unarmed Combat | 1 2 3 4 5 6 7 8 9 10 | 10.6
Evocations     | 1 2 3 4 5 6 7 8 9 10 | 10.6
Shapeshifting  | 1 2 3 4 5 6 7 8 9 |  9.7
Hexes          | 1 2 3 4 5 6 7 8 |  8.9
Summonings     | 1 2 3 4 5 6 7 8 |  8.9
Necromancy     | 1 2 3 4 5 6 7 8 |  8.9
Translocations | 1 2 3 4 5 6 7 8 |  8.9
Fire Magic     | 1 2 3 4 5 6 7 8 |  8.9
Ice Magic      | 1 2 3 4 5 6 7 8 |  8.9
Air Magic      | 1 2 3 4 5 6 7 8 |  8.9
Earth Magic    | 1 2 3 4 5 6 7 8 |  8.9
Dodging        | 5 6 7 8 9 10 11 | 11.5
Stealth        | 5 6 7 8 9 10 11 | 11.4
Alchemy        | 6 7 8 9 10 | 10.4

Action                     |  1- 3 |  4- 6 |  7- 9 | 10-12 | 13-15 || total
---------------------------+-------+-------+-------+-------+-------++-------
  Melee: Unarmed           |    27 |       |       |       |       ||    27
         Bite              |     6 |    11 |    11 |    46 |    81 ||   155
         Hand axe          |    44 |   107 |     4 |       |       ||   155
         Long sword        |       |       |    49 |       |       ||    49
         Trident           |       |       |    26 |    81 |       ||   107
         Falchion          |       |       |       |   336 |   631 ||   967
   Cast: Sting             |    41 |    43 |    52 |    64 |    56 ||   256
         Olgreb's Toxic Ra |       |     9 |    21 |   101 |   165 ||   296
         Sticky Flame      |       |       |    20 |    64 |    80 ||   164
         Irradiate         |       |       |       |       |    20 ||    20
         Stone Arrow       |       |       |       |       |    25 ||    25
         Fireball          |       |       |       |       |     4 ||     4
         Summon Forest     |       |       |       |       |     3 ||     3
         Freezing Cloud    |       |       |       |       |     1 ||     1
  Evoke: Wand              |       |       |    17 |    12 |    26 ||    55
    Use: Scroll            |     5 |     2 |     3 |     5 |    14 ||    29
         Potion            |     1 |    10 |     1 |     8 |    16 ||    36
   Stab: Sleeping          |     3 |       |     5 |     5 |       ||    13
         Distracted        |       |       |       |     3 |     2 ||     5
 Armour: Ring mail         |    35 |       |       |       |       ||    35
         Robe              |     1 |    62 |    48 |    15 |       ||   126
         Leather armour    |       |       |       |   254 |   720 ||   974
         Skin              |       |       |       |     7 |    37 ||    44
  Dodge: Dodged            |    57 |   113 |    86 |   406 |   845 ||  1507
  Block: Buckler           |    15 |    23 |    31 |   117 |   185 ||   371

Table legend: (Time is in decaauts)
 A = Elapsed time spent in this place.
 B = Non-inter-level travel time spent in this place.
 C = Inter-level travel time spent in this place.
 D = Time resting spent in this place.
 E = Time spent auto-exploring this place.
 F = Levels seen in this place.
 G = Mean time per level.
                   A        B        C        D        E       F      G
               +--------+--------+--------+--------+--------+-----+--------+
         Total |  61153 |  60627 |    526 |  37895 |   5576 |  21 | 2912.0 |
       Dungeon |  37677 |  37255 |    422 |  23724 |   2920 |  13 | 2898.2 |
        Temple |     20 |     11 |      9 |      0 |      0 |   1 |   20.0 |
          Lair |  18021 |  17946 |     75 |  10506 |   2301 |   5 | 3604.2 |
  Orcish Mines |   5433 |   5413 |     20 |   3665 |    355 |   2 | 2716.5 |
               +--------+--------+--------+--------+--------+-----+--------+

Top non-repeatable levels by time:
  Lair:5: 4101 daAuts
     D:6: 4024 daAuts
     D:7: 3989 daAuts
     D:4: 3906 daAuts
  Lair:3: 3794 daAuts
     D:9: 3739 daAuts
  Lair:1: 3738 daAuts
     D:8: 3687 daAuts
  Lair:2: 3519 daAuts
   Orc:2: 3457 daAuts
     D:5: 3095 daAuts
  Lair:4: 2867 daAuts
    D:11: 2691 daAuts
     D:1: 2684 daAuts
    D:12: 2399 daAuts
